 Dungeon Crawl Stone Soup version 0.22.1-1-ga44c0e5 (webtiles) character file.

1425 mandick the Fighter (level 8, -3/81 HPs)
             Began as a Centaur Warper on Sept 30, 2018.
             Was an Initiate of Gozag.
             Slain by Asgaroth's ghost (15 damage)
             ... on level 5 of the Dungeon.
             The game lasted 00:19:34 (7679 turns).

mandick the Fighter (Centaur Warper)                Turns: 7679, Time: 00:19:35

Health: -3/81      AC:  4    Str: 16    XL:     8   Next: 44%
Magic:  10/10      EV:  9    Int: 12    God:    Gozag
Gold:   743        SH:  0    Dex: 11    Spells: 8/10 levels left

rFire    . . .     SeeInvis +   a - +0 spear
rCold    . . .     Gourm    +   (no shield)
rNeg     . . .     Faith    .   b - +0 leather armour
rPois    .         Spirit   .   (no helmet)
rElec    .         Reflect  .   (no cloak)
rCorr    .         Harm     .   (no gloves)
MR       .....                  (no barding)
Stlth    +.........             j - amulet of the gourmand
HPRegen  0.23/turn              y - ring of see invisible
MPRegen  0.12/turn              p - +2 ring of dexterity

@: very quick
A: large, hooves 3, deformed body, speed 2, tough skin 3
a: Potion Petition, Call Merchant, Bribe Branch, Renounce Religion


You were on level 5 of the Dungeon.
You worshipped Gozag.
Gozag was pleased with you.
You were not hungry.

You visited 1 branch of the dungeon, and saw 5 of its levels.

You collected 743 gold pieces.

Inventory:

Hand Weapons
 a - a +0 spear (weapon)
 c - a +0 hunting sling
 C - a cursed -2 great sword
Missiles
 e - 50 stones
 n - 85 arrows
 E - 7 tomahawks
 I - a javelin (quivered)
Armour
 b - a +0 leather armour (worn)
Jewellery
 j - an amulet of the gourmand (around neck)
 k - an uncursed ring of wizardry
 p - a +2 ring of dexterity (right hand)
 y - a ring of see invisible (left hand)
Wands
 G - a wand of enslavement (10)
Scrolls
 d - a scroll of blinking
 g - a scroll of random uselessness {unknown}
 m - 2 scrolls of fear {unknown}
 t - 2 scrolls of amnesia {unknown}
 u - a scroll of enchant weapon {unknown}
 x - 2 scrolls of teleportation {unknown}
 A - 2 scrolls of remove curse
 B - a scroll of magic mapping {unknown}
 H - 2 scrolls of fog {unknown}
Potions
 h - 5 potions of curing
 i - 3 potions of resistance
 l - 3 potions of might {unknown}
 o - a potion of berserk rage
 q - a potion of ambrosia {unknown}
 r - a potion of magic
 s - 2 potions of lignification {unknown}
 v - 2 potions of brilliance {unknown}
 z - a potion of flight {unknown}
 D - 2 potions of haste {unknown}
 F - a potion of agility {unknown}
Comestibles
 f - 11 rations


   Skills:
 + Level 10.6 Fighting
 - Level 1.7 Polearms
 - Level 1.1 Throwing
 - Level 0.6 Armour
 - Level 1.3 Dodging
 - Level 1.5 Spellcasting
 - Level 2.6 Translocations


You had 8 spell levels left.
You knew the following spells:

 Your Spells              Type           Power        Failure   Level  Hunger
a - Blink                 Tloc           N/A          19%         2    ###....

Your spell library contained the following spells:

 Spells                   Type           Power        Failure   Level  Hunger
 Shroud of Golubria       Chrm/Tloc      #.........   30%         2    ###....
 Gell's Gravitas          Tloc           #.........   34%         3    ####...
 Lesser Beckoning         Tloc           #.........   34%         3    ####...
 Teleport Other           Tloc           #.......     34%         3    ####...
 Passage of Golubria      Tloc           N/A          75%         4    #####..


Dungeon Overview and Level Annotations

Branches:
Dungeon (5/15)
 Temple: D:4-7

Altars:
Gozag
Vehumet

Shops:
D:4 :

Annotations:
D:5 Asgaroth's ghost, novice DsFi


Innate Abilities, Weirdness & Mutations

You have hooves in place of feet.
Armour fits poorly on your strangely shaped body.
You cover ground very quickly.
You have extremely tough skin. (AC +3)


Message History

You hit Asgaroth's ghost but do no damage.
Asgaroth's ghost is lightly damaged.
Asgaroth's ghost closely misses you.
You hit Asgaroth's ghost but do no damage.
Your kick misses Asgaroth's ghost.
Asgaroth's ghost is lightly damaged.
Asgaroth's ghost hits you!
You closely miss Asgaroth's ghost. You kick Asgaroth's ghost.
Asgaroth's ghost is moderately damaged.
Asgaroth's ghost hits you!
* * * LOW HITPOINT WARNING * * *
You closely miss Asgaroth's ghost. Your kick misses Asgaroth's ghost.
Asgaroth's ghost is moderately damaged.
Asgaroth's ghost hits you but does no damage.
You hit Asgaroth's ghost but do no damage.
Asgaroth's ghost is moderately damaged.
Asgaroth's ghost lets out a mournful wail.
Asgaroth's ghost hits you!
You die...
Your body crumbles into a pile of gold.

#..##.##.# ####...# #.#.###
#.##..##.# #......# ##......
#.#.###..####.##...# #..#.#..
##.####.......###.#####.##.#[<
#.##.##..###..##...........)..
#.#.#.##.# #..##..####.#.###..
#..##.##.###..##..# #..#.# #..
#####.###..........###.##.#
#..
#.##_##.#####W@....##..##.#
###
#.#####...................# #
#.# #######>#######..#### #
#.# #.# ##..## #
#.###########.# ##..## #
#.............# ##..## #
############### ##..## #
##..### ##..#.


You could see Asgaroth's ghost.

Vanquished Creatures
  Grinder (D:4)
  Menkaure (D:4)
  3 ogres
  An ice beast (D:5)
  2 bullfrogs
  A scorpion (D:5)
  3 wights (D:5)
  A howler monkey (D:5)
  3 crimson imps (D:5)
  3 hounds
  3 worker ants
  7 adders
  2 oozes
  An adder zombie (D:5)
  8 leopard geckos
  9 orcs
  6 giant cockroaches
  9 goblins
  8 hobgoblins
  6 jackals
  2 kobolds (D:3)
  A quokka (D:3)
  A ball python (D:2)
  6 bats
  3 frilled lizards
  11 rats
102 creatures vanquished.

Notes
Turn   | Place    | Note
-------+----------+-------------------------------------------
     0 | D:1      | mandick the Centaur Warper began the quest for the Orb.
     0 | D:1      | Reached XP level 1. HP: 17/17 MP: 3/3
   234 | D:1      | Reached XP level 2. HP: 22/25 MP: 4/4
   328 | D:1      | Reached skill level 3 in Fighting
   557 | D:2      | Found a faded altar of an unknown god.
   648 | D:2      | Became a worshipper of Gozag Ym Sagoz the Greedy
   725 | D:2      | Reached XP level 3. HP: 25/31 MP: 5/5
  1129 | D:3      | Reached skill level 4 in Fighting
  1678 | D:3      | Reached XP level 4. HP: 31/41 MP: 6/6
  1960 | D:4      | Noticed a bullfrog
  1972 | D:4      | Killed a bullfrog
  1972 | D:4      | Reached skill level 5 in Fighting
  1972 | D:4      | Reached XP level 5. HP: 4/48 MP: 7/7
  2277 | D:4      | Noticed an ogre
  2899 | D:4      | Found a radiant altar of Vehumet.
  2903 | D:4      | Found Weguipp's Book Emporium.
  2914 | D:4      | Learned a level 2 spell: Blink
  3076 | D:4      | Reached skill level 6 in Fighting
  3409 | D:4      | Noticed Menkaure
  3425 | D:4      | Killed Menkaure
  3425 | D:4      | Reached XP level 6. HP: 13/58 MP: 8/8
  3693 | D:4      | Reached skill level 7 in Fighting
  4185 | D:4      | Noticed Grinder
  4186 | D:4      | Paralysed by Grinder for 4 turns
  4204 | D:4      | Paralysed by Grinder for 2 turns
  4210 | D:4      | Killed Grinder
  4210 | D:4      | Reached skill level 8 in Fighting
  4210 | D:4      | Reached XP level 7. HP: 51/69 MP: 9/9
  4395 | D:5      | Entered Level 5 of the Dungeon
  4611 | D:5      | Reached skill level 9 in Fighting
  5036 | D:5      | Found a runed door.
  5046 | D:5      | Noticed Asgaroth's ghost (novice DsFi)
  5415 | D:5      | Reached XP level 8. HP: 36/78 MP: 10/10
  5759 | D:5      | Found an opulent altar of Gozag.
  6000 | D:5      | Reached skill level 10 in Fighting
  6554 | D:5      | HP: 2/81 [Asgaroth's ghost (10)]
  7313 | D:5      | HP: 1/81 [Asgaroth's ghost (10)]
  7679 | D:5      | Slain by Asgaroth's ghost

Skill      XL: |  1  2  3  4  5  6  7  8 |
---------------+-------------------------+-----
Fighting       | 3 4 5 6 8 9 10 | 10.6
Polearms       | |  1.7
Throwing       | |  1.1
Armour         | |  0.6
Dodging        | |  1.3
Spellcasting   | |  1.5
Translocations | |  2.6

Action                   |  1- 3 |  4- 6 |  7- 9 || total
-------------------------+-------+-------+-------++-------
Melee: Spear             |   151 |   110 |   240 ||   501
       Kick              |    29 |    27 |    49 ||   105
 Fire: Hunting sling     |       |     3 |       ||     3
Throw: Tomahawk          |     1 |     4 |       ||     5
       Stone             |       |     4 |       ||     4
       Javelin           |       |    14 |    48 ||    62
  Use: Scroll            |       |       |     5 ||     5
 Stab: Distracted        |     1 |     1 |       ||     2
  Eat: Chunk             |    20 |       |       ||    20
       Ration            |       |       |     4 ||     4
Armor: Leather armour    |    43 |    31 |    45 ||   119
Dodge: Dodged            |    63 |    50 |    93 ||   206
